 Dungeon Crawl Stone Soup version 0.02-32-ge3bdf778cf (webtiles) character file.

Game seed: 13796533147192199203, levelgen mode: deterministic

29428 minicreteconcrete the Brawler (level 13, -9/110 (111) HPs) Troll Demonspawn. Began on Sept 11, 2020. Was a Believer of Jiyva. Mangled by an orc warrior ... wielding a +0 scimitar (28 damage) ... on level 6 of the Dungeon. The game lasted 00:42:24 (7504 turns).

minicreteconcrete the Brawler (Troll Demonspawn)    Turns: 7504, Time: 00:42:24

HP:   -9/110 (111)  AC: 17    Str: 29      XL:     13 ^: 22424
MP:   16/16         EV: 15    Int:  5 (8)  God:    Jiyva [2* [53]]
Gold: 636           SH: 10    Dex: 14      Spells: 14/18 levels left

rFire    . . .     Vision   .   D - +2 heater shield {rPois}
rCold    . . .     Gourm    +     - Unarmed
rNeg     . . .     Faith    .   B - +0 troll leather
rPois    +         Spirit   .   K - +2 hat
rElec    .         Reflect  .   n - +2 cloak
rCorr    .         Harm     .   (gloves unavailable)
MR       .....     Clarity  +   (boots unavailable)
Stlth    ++++......             (no amulet)
HPRegen  1.26/turn              (no ring)
MPRegen  0.26/turn              (no ring)

@: agile
A: large, unfitting armour, claws 3, talons 2, iridescent scales 2, clarity,
fast metabolism 3, gourmand, nightstalker 2, powered by pain 1, regeneration 1,
shaggy fur 1, tough skin 3, wild magic 1
a: Request Jelly, Renounce Religion


You were on level 6 of the Dungeon.
You worshipped Jiyva.
Jiyva was pleased with you.
You were completely stuffed.

You visited 4 branches of the dungeon, and saw 13 of its levels.
You also visited: Gauntlet.

You collected 636 gold pieces.

Inventory:

Weapons
 a - a +0 hand crossbow Shields
 g - a +0 heater shield
 D - a +2 heater shield of poison resistance (shield)
Armour
 n - a +2 cloak (worn)
 u - +0 steam dragon scales
 z - a +0 robe
 B - a +0 troll leather (worn)
 H - +0 acid dragon scales
 K - a +2 hat (worn)
Jewellery
 F - an uncursed ring of wizardry
Wands
 q - a wand of polymorph (1)
 v - a wand of healing (3)
 x - a wand of random effects (60)
 y - a wand of flame (21)
 A - a wand of acid
 E - a wand of iceblast (8)
 I - a wand of hasting (11)
 N - a wand of clouds (1)
Scrolls
 b - 5 scrolls of amnesia
 d - 11 scrolls of teleportation
 f - 2 scrolls of fear
 h - a scroll of immolation
 j - a scroll of blinking
 m - 4 scrolls of magic mapping
 p - 3 scrolls of fog
 r - 8 scrolls of enchantment
 G - a scroll of summoning
 L - a scroll of bless item
Potions
 e - 3 potions of ambrosia
 i - 4 potions of might
 k - 6 potions of curing
 l - 3 potions of lignification
 o - 3 potions of berserk rage
 s - 8 potions of heal wounds
 t - 2 potions of magic
 w - a potion of haste
 C - 3 potions of resistance
 J - 2 potions of invisibility
Miscellaneous
 M - a fan of gales (inert)
Comestibles
 c - 17 rations
 O - 6 chunks of flesh


   Skills:
 + Level 3.3 Fighting
 + Level 1.1 Crossbows
 + Level 2.4 Armour
 + Level 5.6 Dodging
 - Level 1.0 Stealth
 + Level 2.0 Shields
 + Level 16.0 Unarmed Combat
 + Level 3.3 Spellcasting
 + Level 3.3 Air Magic
 + Level 2.9 Poison Magic
   Level 2.4 Invocations
 + Level 1.9 Evocations


You had 14 spell levels left.
You knew the following spells:

 Your Spells              Type           Power        Failure   Level  Hunger
a - Flame Tongue          Fire           1 (40)       96%         1    ##.....
b - Mephitic Cloud        Pois/Air       5 (100)      92%         3    ####...

Your spell library contained the following spells:

 Spells                   Type           Power        Failure   Level  Hunger
 Beastly Appendage        Tmut           1 (50)       96%         1    ##.....
 Freeze                   Ice            1 (25)       96%         1    ##.....
 Blink                    Tloc           N/A          99%         2    ###....
 Call Imp                 Summ           1 (100)      99%         2    ###....
 Slow                     Hex            1 (100)      99%         2    ###....
 Sticks to Snakes         Tmut           1 (100)      99%         2    ###....
 Throw Frost              Ice            1 (50)       99%         2    ###....
 Spider Form              Tmut/Pois      3 (200)      99%         3    ####...
 Conjure Flame            Fire           1 (100)      100%        3    ####...
 Ignite Poison            Fire/Tmut      1 (100)      100%        3    ####...
 Ozocubu's Armour         Chrm/Ice       1 (100)      100%        3    ####...
 Snakes to Sticks         Hex/Tmut       1 (100)      100%        3    ####...
 Hailstorm                Ice            1 (100)      100%        4    #####..
 Ice Form                 Ice/Tmut       1 (100)      100%        4    #####..
 Leda's Liquefaction      Tmut/Erth      1 (200)      100%        4    #####..
 Petrify                  Tmut/Erth      1 (100)      100%        4    #####..
 Summon Ice Beast         Ice/Summ       1 (100)      100%        4    #####..
 Throw Icicle             Ice            1 (100)      100%        4    #####..
 Blade Hands              Tmut           1 (200)      100%        5    ######.
 Bolt of Cold             Ice            1 (200)      100%        6    #######
 Freezing Cloud           Ice/Air        3 (200)      100%        6    #######
 Ozocubu's Refrigeration  Ice            1 (200)      100%        6    #######
 Simulacrum               Ice/Necr       1 (200)      100%        6    #######
 Statue Form              Tmut/Erth      1 (150)      100%        6    #######


Dungeon Overview and Level Annotations

Branches:
Dungeon (6/8)              Temple (1/1) D:4            Lair (5/6) D:5
 Shoals (0/4) Lair:2       Spider (0/4) Lair:2        Slime (0/5) Lair:5
    Orc (1/2) D:6         Gauntlet (visited)

Altars:
Cheibriados
Elyvilon
Fedhas Madash
Hepliaklqana
Kikubaaqudgha
Qazlal
Ru
Sif Muna
Trog
Uskayaw
Vehumet
Xom
Yredelemnul
Zin
The Shining One
Jiyva

Annotations:
Lair:2 exclusions: fire elemental and lava snake


Innate Abilities, Weirdness & Mutations

You are too large for most types of armour.
You have claws for hands. (+6 Unarmed)
You have razor-sharp toenails.
You are mostly covered in iridescent scales. (AC +4)
Your metabolism is lightning-fast.
You like to eat raw meat.
You are significantly more attuned to the shadows.
You sometimes gain a little power by taking damage.
Your natural rate of healing is unusually fast.
You are covered in fur. (AC +1)
You have extremely tough skin. (AC +3)
You possess an exceptional clarity of mind.
Your spells are a little harder to cast, but a little more powerful.


Message History

You claw the orc knight, but do no damage.
The orc knight is heavily wounded. (32/70) HP The orc knight hits you but does no damage.
You barely miss the orc knight. You block the orc warrior's attack.
You punch the orc knight (8)!
You claw the orc knight, but do no damage.
The orc knight is severely wounded. (24/70) HP You hear a distant slurping noise.
Jiyva appreciates your sacrifice.
You feel a little less hungry.
You punch the orc knight (8)! You claw the orc knight (4).
The orc knight is almost dead. (12/70) HP The orc knight hits you with a +0 great mace (27)!!
* * * LOW HITPOINT WARNING * * *
Unknown command.
You hit the orc knight but do no damage.
You claw the orc knight, but do no damage.
The orc knight is almost dead. (12/70) HP The orc warrior hits you with a +0 scimitar (28)!!
You die...

.##....# ###########.##..# #
.##....# #####...#######'###.###
.##....# #.................#..##
.##.†).# #...............:.##.##
.##....# #...........J]...[)[..#
.##....####..........########[#.#
.........##....b.....# #.#..
.........##..........## ####)##.
.........##.....@o....# #....##.
.........##.....o.....# #.#####.
.........##...........####.# #.
.........##................# #.
.........###.........####### #.
.........# #.........# ##
########## #.........# #
####..##### # #.## #


You could see an orc knight and an orc warrior.

Vanquished Creatures
  2 boulder beetles
  A minotaur (Gauntlet)
  2 two-headed ogres
  2 hydras (Lair:5)
  A manticore (D:6)
  5 giraffes (Lair:5)
  Joseph (D:4)
  A black mamba (shapeshifter) (Gauntlet)
  8 spiny frogs
  An elephant (Lair:5)
  A rime drake (Lair:2)
  4 trolls
  Psyche (D:5)
  2 komodo dragons
  A polar bear (Gauntlet)
  A wind drake (shapeshifter) (Gauntlet)
  3 meliai (Gauntlet)
  A hornet (D:6)
  4 wraiths (D:6)
  A neqoxec (Gauntlet)
  A vampire (D:6)
  2 wyverns (D:5)
  A spriggan (Lair:5)
  Grum (D:4)
  An acid dragon (D:6)
  3 war dogs (D:4)
  13 yaks
  3 guardian mummies
  A spectral two-headed ogre (D:5)
  4 basilisks
  A wolf spider zombie (D:6)
  2 wargs
  3 chaos spawn (Gauntlet)
  Edmund (D:3)
  3 phantoms
  A slime creature (D:6)
  A necrophage (D:6)
  A spectral elf (D:5)
  4 water moccasins
  10 porcupines
  6 orc warriors
  2 ice beasts
  3 sky beasts
  4 black bears
  An eye of draining (D:6)
  A swamp drake (D:3)
  10 wolves
  3 spectral hippogriffs (D:5)
  6 ogres
  12 crocodiles
  A rock worm zombie (D:4)
  5 big kobolds
  11 bullfrogs
  12 scorpions
  6 howler monkeys
  4 centaurs (D:6)
  A killer bee (D:6)
  A spectral kobold (D:5)
  A quasit (D:6)
  2 hornet zombies
  3 wights (D:5)
  3 hounds
  3 crimson imps
  A spectral ogre (D:5)
  A spectral big kobold (D:5)
  2 spectral crocodiles (D:5)
  4 orc priests
  13 jellies
  7 orc wizards
  3 iguanas
  5 mummies (D:5)
  2 wyvern zombies (D:5)
  11 worker ants
  3 wyvern skeletons
  A water moccasin skeleton (D:5)
  A spectral scorpion (D:5)
  2 spectral centaurs (D:5)
  A water moccasin simulacrum (D:5)
  A porcupine zombie (D:3)
  8 bullfrog zombies
  8 bullfrog skeletons
  A porcupine skeleton (D:3)
  6 adders
  5 bullfrog simulacra (D:5)
  25 sewer rats (D:2)
  A spectral orc (D:5)
  2 spectral worker ants (D:5)
  2 worms (D:2)
  6 cinder newts
  2 spectral killer bees (D:5)
  A howler monkey zombie (D:5)
  2 killer bee zombies (D:5)
  4 worker ant zombies (D:5)
  A hound skeleton (D:5)
  2 hound zombies (D:5)
  4 oozes
  3 hound simulacra (D:5)
  A howler monkey simulacrum (D:5)
  2 howler monkey skeletons (D:5)
  A killer bee simulacrum (D:5)
  6 worker ant simulacra (D:5)
  A dart slug (D:1)
  3 leopard geckos (D:2)
  27 orcs
  4 adder skeletons (D:5)
  4 adder zombies
  8 giant cockroaches
  3 jackals (D:4)
  5 quokkas
  6 ball pythons (D:2)
  2 bats (D:2)
  A bat skeleton (D:2)
  A goblin skeleton (D:2)
  2 jackal skeletons (D:2)
  A jackal zombie (D:3)
  19 kobolds
  2 kobold skeletons (D:2)
  3 leopard gecko skeletons
  A leopard gecko zombie (D:5)
  An orc skeleton (D:2)
  A quokka skeleton (D:5)
  A quokka zombie (D:5)
  5 withered plants (D:2)
453 creatures vanquished.

Vanquished Creatures (others)
  4 jellies
  An adder (D:2)
  9 sewer rats (D:2)
  A killer bee simulacrum (D:5)
  A worker ant simulacrum (D:5)
  A giant cockroach (D:2)
  A rat skeleton (D:2)
  28 fungi
  58 plants
  129 withered plants (D:2)
233 creatures vanquished.

Grand Total: 686 creatures vanquished

Notes
Turn   | Place    | Note
-------+----------+-------------------------------------------
     0 | D:1      | minicreteconcrete the Troll Demonspawn began the quest for
                  | the Orb.
     0 | D:1      | Reached XP level 1. HP: 19/19 MP: 1/1
   399 | D:1      | Gained mutation: You have sharp toenails. [demonic
                  | ancestry]
   399 | D:1      | Reached XP level 2. HP: 27/27 MP: 2/2
   677 | D:2      | Noticed a big kobold
   706 | D:2      | Killed a big kobold
   706 | D:2      | Reached XP level 3. HP: 35/35 MP: 4/4
   706 | D:2      | Reached XP level 4. HP: 42/42 MP: 5/5
   711 | D:2      | Reached skill level 3 in Unarmed Combat
   742 | D:2      | Gained mutation: You sometimes gain a little power by
                  | taking damage. [demonic ancestry]
   742 | D:2      | Reached XP level 5. HP: 43/49 MP: 6/6
   791 | D:2      | Found a shimmering altar of Xom.
   807 | D:2      | Reached skill level 4 in Unarmed Combat
   878 | D:2      | Gained mutation: You are partially covered in iridescent
                  | scales. (AC +2) [demonic ancestry]
   878 | D:2      | Reached XP level 6. HP: 56/57 MP: 7/7
   918 | D:2      | Reached skill level 5 in Unarmed Combat
   989 | D:2      | Gained mutation: You are mostly covered in iridescent
                  | scales. (AC +4) [demonic ancestry]
   989 | D:2      | Reached XP level 7. HP: 54/65 MP: 8/8
  1149 | D:2      | Reached skill level 6 in Unarmed Combat
  1366 | D:2      | Reached skill level 7 in Unarmed Combat
  1451 | D:2      | Gained mutation: You are slightly more attuned to the
                  | shadows. [demonic ancestry]
  1451 | D:2      | Reached XP level 8. HP: 68/72 MP: 9/9
  1954 | D:3      | Noticed Sigmund
  1964 | D:3      | Noticed Sigmund
  1968 | D:3      | Killed Sigmund the swamp drake
  1972 | D:3      | Reached skill level 8 in Unarmed Combat
  2062 | D:3      | Noticed Edmund
  2078 | D:3      | Killed Edmund
  2244 | D:3      | Found a glowing silver altar of Zin.
  2384 | D:4      | Reached skill level 9 in Unarmed Combat
  2596 | D:4      | Noticed Maggie
  2601 | D:4      | Noticed Maggie
  2601 | D:4      | Maggie changed into Maggie the crocodile
  2606 | D:4      | Killed Maggie the crocodile
  2606 | D:4      | Reached XP level 9. HP: 79/79 MP: 10/10
  2734 | D:4      | Reached skill level 10 in Unarmed Combat
  2815 | D:4      | Noticed Joseph
  2825 | D:4      | Killed Joseph
  2846 | D:4      | Noticed Grum
  2859 | D:4      | Killed Grum
  2859 | D:4      | Reached skill level 11 in Unarmed Combat
  2869 | D:4      | Found a staircase to the Ecumenical Temple.
  2895 | Temple   | Entered the Ecumenical Temple
  3186 | D:5      | Entered Level 5 of the Dungeon
  3334 | D:5      | Found a sacrificial altar of Ru.
  3339 | D:5      | Reached XP level 10. HP: 87/87 MP: 11/11
  3345 | D:5      | Reached skill level 12 in Unarmed Combat
  3346 | D:5      | Found a white marble altar of Elyvilon.
  3355 | D:5      | Noticed a two-headed ogre
  3388 | D:5      | Killed a two-headed ogre
  3431 | D:5      | Noticed Psyche
  3438 | D:5      | Killed Psyche
  3438 | D:5      | Reached skill level 13 in Unarmed Combat
  3578 | D:5      | Noticed a boulder beetle
  3696 | D:5      | Killed a boulder beetle
  3778 | D:5      | Reached skill level 1 in Crossbows
  3778 | D:5      | Gained mutation: You have razor-sharp toenails. [demonic
                  | ancestry]
  3778 | D:5      | Reached XP level 11. HP: 90/96 MP: 12/12
  3788 | D:5      | Found a staircase to the Lair.
  4059 | D:5      | Reached skill level 14 in Unarmed Combat
  4565 | D:5      | Learned a level 3 spell: Mephitic Cloud
  4749 | D:6      | Found a stormy altar of Qazlal.
  4749 | D:6      | Found a shimmering blue altar of Sif Muna.
  4749 | D:6      | Found a basalt altar of Yredelemnul.
  4774 | D:6      | Noticed a two-headed ogre
  4780 | D:6      | Killed a two-headed ogre
  4780 | D:6      | Reached skill level 5 in Dodging
  4780 | D:6      | Reached skill level 1 in Poison Magic
  4812 | D:6      | Reached skill level 1 in Air Magic
  5097 | D:6      | Reached skill level 1 in Armour
  5218 | D:6      | Found a staircase to the Orcish Mines.
  5512 | Lair:1   | Entered Level 1 of the Lair of Beasts
  5523 | Lair:1   | Gained mutation: You are significantly more attuned to the
                  | shadows. [demonic ancestry]
  5523 | Lair:1   | Reached XP level 12. HP: 92/103 MP: 14/14
  5528 | Lair:1   | Reached skill level 15 in Unarmed Combat
  5789 | Lair:2   | Found a hole to the Spider Nest.
  5938 | Lair:2   | Found a staircase to the Shoals.
  6410 | Lair:5   | Identified a scroll of acquirement
  6421 | Lair:5   | Reached skill level 1 in Shields
  6469 | Lair:5   | Found a viscous altar of Jiyva.
  6469 | Lair:5   | Found a staircase to the Slime Pits.
  6473 | Lair:5   | Became a worshipper of Jiyva Jofousun the Shapeless
  6474 | Lair:5   | Identified the ring "Xausim" {rC- rN+ MR+ Dex+5} (You
                  | acquired it on level 5 of the Lair of Beasts)
  6474 | Lair:5   | Identified the +7 demon whip of Turok {acid, +Vis} (You
                  | acquired it on level 5 of the Lair of Beasts)
  6548 | Lair:5   | Reached * piety under Jiyva
  6568 | Lair:5   | Noticed a chaos butterfly
  6569 | Lair:5   | Found a gate leading to a gauntlet.
  6576 | Gauntlet | Entered a Gauntlet
  6576 | Gauntlet | Found a transporter.
  6576 | Gauntlet | Found a runed translucent door.
  6589 | Gauntlet | Found a runed translucent door.
  6595 | Gauntlet | Found a transporter.
  6606 | Gauntlet | Found a transporter.
  6613 | Gauntlet | Found a transporter.
  6652 | Gauntlet | Found a transporter.
  6694 | Gauntlet | Identified the cursed +7 great mace of Viobbaedd {protect,
                  | +Rage rN+ Int+4 Stlth-, (Curse: *Corrode)}
  6710 | Gauntlet | Found a transporter.
  6721 | Gauntlet | Found a transporter.
  6729 | Gauntlet | Found a runed translucent door.
  6737 | Gauntlet | Found a transporter.
  6746 | Gauntlet | Found a transporter.
  6762 | Gauntlet | Found a transporter.
  6763 | Gauntlet | Identified the ring of Xom's Wantonness {MR+++ Int-4 Dex+5
                  | Slay-5 +Vis}
  6765 | Gauntlet | Identified the +1 pair of gloves of the Burgomaster {Int+7}
  6776 | Gauntlet | Found a transporter.
  6794 | Gauntlet | Found a transporter.
  6806 | Gauntlet | Found a transporter.
  6809 | Gauntlet | Found a transporter.
  6818 | Gauntlet | Identified the cursed +0 buckler of Resourcefulness {rF+
                  | MR- Dex+4 +Vis, (Curse: *Tele)}
  6945 | Gauntlet | Gained mutation: You possess an exceptional clarity of
                  | mind. [potion of mutation]
  6945 | Gauntlet | Gained mutation: Your spells are a little harder to cast,
                  | but a little more powerful. [potion of mutation]
  7025 | Gauntlet | Identified the +2 short sword "Coho" {molten, Str+6}
  7087 | Gauntlet | Reached skill level 1 in Evocations
  7149 | Gauntlet | Identified the Catalogue of Changing
  7195 | Lair:5   | Reached XP level 13. HP: 58/110 MP: 16/16
  7298 | Lair:3   | Reached skill level 16 in Unarmed Combat
  7477 | D:6      | Reached ** piety under Jiyva
  7480 | Orc:1    | Entered Level 1 of the Orcish Mines
  7504 | D:6      | Mangled by an orc warrior

Levels and vault maps discovered:
D:1:      dpeg_arrival_water_temple_mockup, layout_loops_ring
D:2:      layout_sewer, xom_teletrap_fun
D:3:      layout_rooms, zin_statuary, first_ration, serial_undead,
          serial_undead_c, serial_undead_d, serial_undead_d, serial_undead_d,
          serial_undead_c, serial_undead_f, serial_undead_e, uniq_sigmund,
          uniq_edmund
D:4:      layout_loops_ring, temple_pool_b, uniq_joseph, uniq_grum, uniq_maggie
D:5:      layout_cave_pools, grunt_temple_overflow_open,
          due_lair_maze_entry_diamond, grunt_pizzeria, ossuary_boxes_badplayer,
          uniq_psyche
D:6:      layout_basic, chequers_temple_overflow_statue_of_worship, david_orc_3,
          miniossuary_due_ghosttown
Temple:   jpeg_temple_island
Lair:1:   layout_chaotic_city, hibernation_bobbens, serial_bayou_shore_b
Lair:2:   layout_gridlike, shoals_dummy_entry, nicolae_spider_entry_non_spiders,
          infiniplex_staircase_pool_2, grunt_megastairs_2, serial_bayou_shore_a,
          lemuel_fruit_tree, serial_bayou_shore_b
Lair:3:   layout_cave_shapes
Lair:4:   layout_cave_pods, forest_entry_grove, uniq_nergalle
Lair:5:   layout_cave_pods, dpeg_slime_entry_enclosed_altar,
          gauntlet_entry_generic
Orc:1:    layout_caves, serial_shops, shop, basic_altar

Skill      XL: |  1  2  3  4  5  6  7  8  9 10 11 12 13 |
---------------+----------------------------------------+-----
Dodging        | 3 4 5 |  5.6
Fighting       | 2 3 |  3.3
Unarmed Combat | 3 4 5 7 9 11 13 14 15 16 | 16.0
Crossbows      | 1 |  1.1
Spellcasting   | 2 3 |  3.3
Poison Magic   | 1 2 |  2.9
Air Magic      | 2 3 |  3.3
Armour         | 1 2 |  2.4
Shields        | 1 2 |  2.0
Evocations     | 1 |  1.9
Stealth        | |  1.0
Invocations    | |  2.4

Action                   |  1- 3 |  4- 6 |  7- 9 | 10-12 | 13-15 || total
-------------------------+-------+-------+-------+-------+-------++-------
Melee: Unarmed           |    49 |   176 |   439 |   907 |    50 ||  1621
       Kick              |     4 |    22 |    69 |   236 |    26 ||   357
 Fire: Hand crossbow     |       |       |       |    13 |       ||    13
 Cast: Mephitic Cloud    |       |       |       |     2 |       ||     2
Evoke: Wand              |       |       |     1 |    20 |       ||    21
       Fan of gales      |       |       |       |     1 |       ||     1
  Use: Scroll            |       |       |     1 |     5 |       ||     6
       Potion            |       |       |       |     3 |       ||     3
 Stab: Sleeping          |       |       |    15 |    14 |       ||    29
       Distracted        |       |       |     1 |     3 |       ||     4
       Confused          |       |       |       |     1 |       ||     1
  Eat: Chunk             |     4 |     7 |    26 |    33 |     5 ||    75
Armor: Robe              |     6 |     4 |    33 |       |       ||    43
       Skin              |       |       |     1 |       |       ||     1
       Steam dragon scal |       |       |    31 |    98 |       ||   129
       Troll leather     |       |       |       |   169 |    21 ||   190
Dodge: Dodged            |     7 |    23 |    70 |   176 |     8 ||   284
Block: Heater shield     |       |       |       |    74 |    14 ||    88
